 Dungeon Crawl Stone Soup version 0.31-a0-803-g95b03c3367 (webtiles) character file.

Game seed: 10650151357135517009

3362 MackTheKnife the Destroyer (level 10, -2/77 HPs)
             Began as a Meteoran Wanderer on Sept 21, 2023.
             Was an Initiate of Gozag.
             Slain by an orc
             ... wielding a +0 spear
              (7 damage)
             ... in a bailey.
             The game lasted 00:15:01 (2756 turns).

MackTheKnife the Destroyer (Meteoran Wanderer)      Turns: 2756, Time: 00:15:01

Health: -2/77      AC:  9    Str:  9    XL:     10   Next: 46%
Magic:  4/17       EV: 12    Int: 26    God:    Gozag
Gold:   367        SH:  0    Dex: 17    Spells: 10/18 levels left

rFire   + . .        z - +1 spear (flame) {polearm}
rCold   + . .        (no shield)
rNeg    + + .        r - +2 robe {rN+}
rPois   +            h - +2 helmet
rElec   +            (no cloak)
rCorr   +            x - +1 pair of gloves of Lies {rN+ Will+ Int+3 Dex+3}
SInv    +            (no boots)
Will    ++...        (no amulet)
Stlth   +            g - ring of poison resistance
HPRegen 0.32/turn    l - ring of see invisible
MPRegen 0.15/turn

%: no passive effects
@: brilliant, resistant, glowing, invisible (but backlit and visible)
A: sense surroundings 2, otherworldly, glowing, explore regen
a: Renounce Religion, Potion Petition, Call Merchant, Bribe Branch


You were in a bailey.
You worshipped Gozag.
Gozag was aware of your devotion.
You visited 2 branches of the dungeon, and saw 8 of its levels.
You also visited: Bailey.

You collected 494 gold pieces.
You paid 127 gold pieces to Gozag.


Innate Abilities, Weirdness & Mutations

You passively map the area around you.
You are easily found by Zot.
You glow in the dark.
You regain HP and MP as you explore.


   Skills:
 + Level 3.4 Fighting
 + Level 1.4 Dodging
 + Level 4.5 Spellcasting
 - Level 11.7 Conjurations
 - Level 10.4 Hexes
 - Level 3.2 Necromancy
 - Level 1.5 Air Magic
 - Level 1.6 Poison Magic
 - Level 1.2 Evocations


You had 10 spell levels left.
You knew the following spells:

 Your Spells              Type           Power      Damage    Failure   Level
a - Necrotise             Necr           100%       1d9       1%          1
b - Searing Ray           Conj           100%       2d8       1%          2
c - Magic Dart            Conj           100%       1d8       1%          1
d - Fulminant Prism       Conj/Hex       38%        3d18      1%          4

Your spell library contained the following spells:

 Spells                   Type           Power      Damage    Failure   Level
 Kiss of Death            Conj/Necr      100%       2d13      1%          1
 Cigotuvi's Dreadful Rot  Necr/Pois/Air  50%        N/A       4%          2
 Anguish                  Hex/Necr       29%        N/A       4%          4
 Poisonous Vapours        Pois/Air       42%        N/A       6%          2
 Vampiric Draining        Necr           34%        2d8       6%          3
 Agony                    Necr           34%        N/A       50%         5

Inventory:

Hand Weapons
 a - a +0 dagger {short}
 z - a +1 spear of flaming (weapon) {polearm}
   (You found it on level 7 of the Dungeon)
Missiles
 f - 2 throwing nets {=f!fthrowing}
Armour
 c - a +0 robe
 h - a +2 helmet (worn)
   (You found it on level 1 of the Dungeon)
 r - a +2 robe of positive energy (worn)
   (You took it off Sigmund on level 5 of the Dungeon)
 x - the +1 pair of gloves of Lies (worn) {rN+ Will+ Int+3 Dex+3}
   (You found it on level 7 of the Dungeon)

   Int+3:     It affects your intelligence (+3).
   Dex+3:     It affects your dexterity (+3).
   rN+:       It protects you from negative energy.
   Will+:     It increases your willpower.
Jewellery
 g - a ring of poison resistance (left hand)
   (You found it on level 1 of the Dungeon)
 l - a ring of see invisible (right hand)
   (You found it on level 1 of the Dungeon)
Wands
 n - a wand of polymorph (8)
   (You found it on level 4 of the Dungeon)
 w - a wand of roots (3)
   (You found it on level 7 of the Dungeon)
Scrolls
 d - a scroll of silence {!r}
 k - a scroll of enchant armour
 m - 2 scrolls of immolation {!r!r}
 p - a scroll of amnesia
 s - a scroll of fog
 u - a scroll of teleportation {unknown}
 v - a scroll of identify {@r1}
 y - a scroll of noise {!r}
Potions
 b - 2 potions of curing {@q1}
 e - 2 potions of resistance
 i - a potion of heal wounds {unknown}
 j - 2 potions of invisibility
 o - a potion of brilliance
 q - a potion of magic {unknown}
 t - a potion of attraction {unknown}

Dungeon Overview and Level Annotations

Branches:
Dungeon (7/15) Zot: 1697   Temple (1/1) D:6 Zot: 552  Bailey (1/1) Zot: 394

Altars:
Ashenzari
Cheibriados
Dithmenos
Fedhas
Gozag
Hepliaklqana
Kikubaaqudgha
Makhleb
Nemelex Xobeh
Okawaru
Qazlal
Ru
Sif Muna
Trog
Uskayaw
Vehumet
Wu Jian
Xom
Yredelemnul
Zin
The Shining One

Annotations:
D:5 3 runed translucent doors, Pi314's ghost, weakling KoDe

#)## #.#.#** **
##'##'##+# #+*
+##+ ##.....#* *
!.!#* *#.....#
** !.!.# +..⌠..+
',.⌠.!' *
*#.....# *$$.!
#....o## #!$ * *
+##+##o###'#*'**
* ##@'o# * *
##### *


You could see an orc knight and 2 orcs.


Message History

The grasping roots constrict the orc knight.
The grasping roots constrict the orc.
The roots release their grip on the gnoll.
The roots release their grip on the orc knight.
The orc knight is distracted by your dazzling golden aura.
Your fulminant prism crackles loudly.
Unknown command. 😮 HP[+1] MP[+1] Unknown command.
Unknown command.
Casting: Fulminant Prism (dangerous; 1% risk of failure)
Confirm with . or Enter, or press ? or * to list all spells.
Aiming: Fulminant Prism (dangerous; 1% risk of failure)
Press: ? - help, Dir - move target, f - orc, p - fulminant prism
Aim: an orc, wielding a +0 halberd and wearing a +0 ring mail (moderately wounded, constricted by roots)
Okay, then.
Casting: Fulminant Prism (dangerous; 1% risk of failure)
Confirm with . or Enter, or press ? or * to list all spells.
Aiming: Searing Ray (safe; 1% risk of failure)
Press: ? - help, Shift-Dir - straight line, f - gnoll, p - fulminant prism
Aim: a gnoll, wielding a +1 halberd of draining (severely wounded, ally target, 85% to hit)
The searing ray hits the orc knight.
The orc knight is no longer distracted by gold.
The orc knight shouts!
The searing ray hits the gnoll!
You kill the gnoll! (Press . to maintain the ray.)
The grasping roots constrict the orc.
You kill the orc!
The grasping roots constrict the orc.
You kill the orc!
You hear a shout!
The orc knight hits you from afar with a +0 halberd!
* * * LOW HITPOINT WARNING * * *
The blast of energy engulfs the orc!!
You kill the orc!
The blast of energy engulfs the orc knight!
You hear a shout! 😨 HP[-16] MP[-2]
You take 16 damage, and now have 33/77 hp.
MASSIVE DAMAGE!! (PAUSE)
You lost 2 mp, and now have 4/17 mp.
Unknown command.
The searing ray hits the orc knight.
The orc knight hits you from afar with a +0 halberd!
* * * LOW HITPOINT WARNING * * *
😨 HP[-12] MP[-1]
You take 12 damage, and now have 21/77 hp.
You lost 1 mp, and now have 3/17 mp.
Unknown command.
An orc comes into view. It is wielding a +0 spear.
The orc shouts!
The orc is distracted by your dazzling golden aura.
There is an open door here. 😨 HP[+1] Unknown command.
Okay, then.
Okay, then.
It was a potion of resistance.
You feel protected.
The orc is no longer distracted by gold.
The orc knight closely misses you.
It was a potion of invisibility.
You become transparent, but the glow from your body prevents you from becoming completely invisible.
The orc knight misses you. The orc hits you but does no damage.
An orc comes into view. It is wielding a +0 halberd.
Aiming: Fastroot
Press: ? - help, Shift-Dir - straight line, f - orc knight
Aim: an orc knight, wielding a +0 halberd (severely wounded)
The roots erupt in riotous growth!
Roots grab the orc knight.
The grasping roots constrict the orc knight.
The orc knight hits you from afar with a +0 halberd!!
* * * LOW HITPOINT WARNING * * *
The orc barely misses you. 😱 HP[-17] MP[+1]
You take 17 damage, and now have 5/77 hp.
MASSIVE DAMAGE!! (PAUSE) Unknown command.
Unknown command.
The grasping roots constrict the orc knight.
The roots release their grip on the orc knight.
The orc completely misses you.
Unknown command.
It was a potion of brilliance.
You feel clever all of a sudden. The orc closely misses you.
The orc knight roars a battlecry!
The orc goes into a battle-frenzy!
Aiming: Polymorph
Press: ? - help, Shift-Dir - straight line, f/p - orc knight
Aim: an orc knight, wielding a +0 halberd (severely wounded, will become a meliai, a fire crab, or a queen bee, chance to affect: 34%)
Okay, then.
Unknown command.
Okay, then.
As you read the scroll labelled EQAILOEGAF, it crumbles to dust.
You hear a loud clanging noise!
It was a scroll of noise.
The orc hits you with a +0 spear!
You die...
Your body crumbles into a pile of gold.

Skill      XL: |  1  2  3  4  5  6  7  8  9 10 |
---------------+-------------------------------+-----
Poison Magic   | 1 |  1.6
Air Magic      | 1 |  1.5
Conjurations   | 2 3 4 5 6 8 10 11 | 11.7
Spellcasting   | 3 4 |  4.5
Hexes          | 1 4 6 9 10 | 10.4
Fighting       | |  3.4
Dodging        | |  1.4
Necromancy     | |  3.2
Evocations     | |  1.2

Action                     |  1- 3 |  4- 6 |  7- 9 | 10-12 || total
---------------------------+-------+-------+-------+-------++-------
  Melee: Dagger            |    46 |    22 |     5 |       ||    73
         Spear             |       |       |       |    15 ||    15
         Punch             |       |       |       |     1 ||     1
   Cast: Necrotise         |    29 |    25 |     1 |       ||    55
         Searing Ray       |     3 |    13 |    26 |    10 ||    52
         Magic Dart        |       |     4 |    40 |    19 ||    63
         Fulminant Prism   |       |       |    14 |     7 ||    21
  Evoke: Wand              |       |       |       |     4 ||     4
    Use: Scroll            |       |       |     5 |     1 ||     6
         Potion            |       |       |       |     3 ||     3
 Armour: Robe              |    46 |    30 |    29 |    27 ||   132
  Dodge: Dodged            |    52 |    31 |    34 |    34 ||   151

Levels and vault maps discovered:
D:1:      roderic_octagonal_star, layout_basic, minmay_bisected
D:2:      layout_rooms, uniq_natasha
D:3:      layout_basic, minmay_tree_intersection
D:4:      layout_gridville, minmay_overflow_temple_hex
D:5:      layout_gridville, ebering_ghost_gozag, small_statue_intersection,
          st_stairs_14, chequers_serial_rivers_micro_b, uniq_sigmund
D:6:      layout_layer_cave, makhleb_altar_promises_db,
          minmay_temple_entry_hall, grunt_ministairs_12, st_stairs_14,
          minmay_misc_feat_secret_circle, uniq_pikel, uniq_eustachio
D:7:      cheibrodos_wizards_tower, layout_basic, jmf_multi_god_temple,
          amcnicky_altar_gilded, enter_bailey_2, grunt_ministairs_2
Temple:   minmay_temple_curvy_loop
Bailey:   bailey_polearm_nasty_gnolls, bailey

Notes
Turn   | Place    | Note
-------+----------+-------------------------------------------
     0 | D:1      | MackTheKnife the Meteoran Wanderer began the quest for the
                  | Orb.
     0 | D:1      | MackTheKnife set off with the following items: a +0 dagger
                  | {short}, a potion of curing {@q1}, a +0 robe, a scroll of
                  | silence {!r}; and the following spells available to
                  | memorise: Necrotise, Kiss of Death, Cigotuvi's Dreadful
                  | Rot, Poisonous Vapours, Anguish.
     0 | D:1      | Reached XP level 1. HP: 19/19 MP: 5/5
     0 | D:1      | magus.rc [v1.9.6]
    18 | D:1      | Learned a level 1 spell: Necrotise
    55 | D:1      | Reached skill level 1 in Poison Magic
    93 | D:1      | Reached skill level 1 in Air Magic
    93 | D:1      | Reached XP level 2. HP: 26/26 MP: 3/6
   198 | D:1      | You pick up a book of Conjurations {@e2} and begin
                  | reading...
   198 | D:1      | You add the spells Magic Dart, Searing Ray and Fulminant
                  | Prism to your library.
   210 | D:1      | Reached XP level 3. HP: 31/31 MP: 4/8
   213 | D:1      | Learned a level 2 spell: Searing Ray
   223 | D:1      | Reached skill level 1 in Conjurations
   413 | D:2      | Reached skill level 2 in Conjurations
   494 | D:2      | You fall into a shaft and drop 1 floor!
   544 | D:3      | Reached XP level 4. HP: 38/38 MP: 5/9
   549 | D:3      | Reached skill level 3 in Conjurations
   697 | D:4      | Reached XP level 5. HP: 45/45 MP: 7/10
   738 | D:4      | Reached skill level 4 in Conjurations
   773 | D:4      | Found a hide-covered altar of Uskayaw.
   773 | D:4      | Found a sacrificial altar of Ru.
   773 | D:4      | Found a bloodstained altar of Trog.
   773 | D:4      | Found a shimmering blue altar of Sif Muna.
   779 | D:4      | Found a snail-covered altar of Cheibriados.
   779 | D:4      | Found a glowing golden altar of the Shining One.
   790 | D:4      | Noticed an ogre
   797 | D:4      | Killed an ogre
   798 | D:4      | Reached skill level 3 in Spellcasting
   798 | D:4      | Reached XP level 6. HP: 51/51 MP: 3/12
   884 | D:4      | Reached skill level 4 in Spellcasting
   884 | D:4      | Reached skill level 5 in Conjurations
  1063 | D:4      | Learned a level 1 spell: Magic Dart
  1068 | D:4      | Learned a level 4 spell: Fulminant Prism
  1173 | D:5      | Entered Level 5 of the Dungeon
  1180 | D:5      | Reached skill level 1 in Hexes
  1210 | D:5      | Reached XP level 7. HP: 57/57 MP: 11/14
  1242 | D:5      | Reached skill level 2 in Hexes
  1264 | D:5      | Reached skill level 6 in Conjurations
  1350 | D:5      | Found the +18 Lear's hauberk
  1408 | D:5      | Found a runed translucent gate.
  1408 | D:5      | Found a runed translucent gate.
  1408 | D:5      | Found a runed translucent gate.
  1409 | D:5      | Found an opulent altar of Gozag.
  1410 | D:5      | Noticed a wraith
  1410 | D:5      | Noticed a water moccasin
  1410 | D:5      | Noticed Pi314's ghost (weakling KoDe)
  1412 | D:5      | Noticed a wyvern
  1418 | D:5      | Noticed Sigmund
  1424 | D:5      | Reached skill level 3 in Hexes
  1425 | D:5      | Killed Sigmund
  1426 | D:5      | Reached skill level 4 in Hexes
  1426 | D:5      | Reached XP level 8. HP: 51/63 MP: 6/15
  1484 | D:5      | Reached skill level 7 in Conjurations
  1556 | D:6      | Reached skill level 5 in Hexes
  1672 | D:6      | Found a burning altar of Makhleb.
  1672 | D:6      | Noticed an Executioner
  1749 | D:6      | Reached skill level 8 in Conjurations
  1753 | D:6      | Reached skill level 6 in Hexes
  1768 | D:6      | Gained mutation: You passively map the area around you.
                  | [Meteoran growth]
  1768 | D:6      | Reached XP level 9. HP: 69/70 MP: 0/16
  1870 | D:6      | Reached skill level 9 in Conjurations
  1870 | D:6      | Reached skill level 7 in Hexes
  1876 | D:6      | Noticed Eustachio
  1897 | D:6      | Killed Eustachio
  1914 | D:6      | You pick up a book of Necromancy and begin reading...
  1914 | D:6      | You add the spells Vampiric Draining and Agony to your
                  | library.
  1939 | D:6      | Found a staircase to the Ecumenical Temple.
  1945 | Temple   | Entered the Ecumenical Temple
  1969 | Temple   | Became a worshipper of Gozag Ym Sagoz the Greedy
  2172 | D:7      | Noticed a two-headed ogre
  2208 | D:7      | Killed a two-headed ogre
  2209 | D:7      | Reached skill level 10 in Conjurations
  2209 | D:7      | Reached skill level 8 in Hexes
  2216 | D:7      | Reached skill level 9 in Hexes
  2343 | D:7      | Found an iron altar of Okawaru.
  2349 | D:7      | Reached XP level 10. HP: 71/77 MP: 12/17
  2354 | D:7      | Found an ornate altar of the Wu Jian Council.
  2375 | D:7      | Noticed a wizard
  2375 | D:7      | Noticed an orc sorcerer
  2393 | D:7      | Killed a wizard
  2394 | D:7      | Reached skill level 11 in Conjurations
  2401 | D:7      | Found a shadowy altar of Dithmenos.
  2406 | D:7      | Noticed a rust devil
  2407 | D:7      | Killed an orc sorcerer
  2408 | D:7      | Reached skill level 10 in Hexes
  2474 | D:7      | Identified the +1 pair of gloves of Lies {rN+ Will+ Int+3
                  | Dex+3}
  2541 | D:7      | Found a flagged portal.
  2553 | Bailey   | Entered a bailey
  2742 | Bailey   | Noticed an orc knight
  2753 | Bailey   | HP: 5/77 [orc knight/+0 halberd (18)]
  2756 | Bailey   | Slain by an orc

Vanquished Creatures
  A two-headed ogre (D:7)
  A wizard (D:7)
  An orc sorcerer (D:7)
  Sigmund (D:5)
  Eustachio (D:6)
  An orc warrior (D:6)
  A sky beast (D:6)
  2 black bears
  An ogre (D:4)
  3 phantoms
  A kobold brigand (D:6)
  2 bullfrogs (D:7)
  2 scorpions (D:6)
  A howler monkey (D:5)
  A jelly (D:5)
  An orc priest (D:5)
  7 iguanas
  3 orc wizards (D:6)
  A sleepcap (D:6)
  16 gnolls
  3 adders
  An ufetubus (D:5)
  A worm (D:5)
  A dart slug (D:1)
  27 orcs
  5 bats
  2 endoplasms
  2 giant cockroaches
  3 goblins
  2 hobgoblins
  6 jackals
  3 quokkas
  3 ball pythons
  4 frilled lizards (D:1)
  8 kobolds
  4 rats (D:1)
123 creatures vanquished.

Vanquished Creatures (collateral kills)
  A goblin (D:1)
  A jackal (D:1)
  A kobold (D:1)
  A frilled lizard (D:1)
  A rat (D:1)
5 creatures vanquished.

Vanquished Creatures (others)
  21 fulminant prisms
21 creatures vanquished.

Grand Total: 149 creatures vanquished

Table legend:
 A = Non-vault XP
 B = Vault XP
 C = Vault XP percentage of total XP
 D = Non-vault monster count
 E = Vault monster count
 F = Vault count percentage of total count
                 A         B        C        D         E       F
            +---------+---------+-------+---------+---------+-------
      Total |    2678 |    2126 |  44.3 |      95 |      33 |  25.8
            +---------+---------+-------+---------+---------+-------
        D:1 |      29 |       6 |  17.1 |      19 |       4 |  17.4
        D:2 |      13 |       0 |   0.0 |       8 |       0 |   0.0
        D:3 |      67 |       0 |   0.0 |       8 |       0 |   0.0
        D:4 |     277 |       0 |   0.0 |      19 |       0 |   0.0
        D:5 |     403 |     343 |  46.0 |      15 |       3 |  16.7
        D:6 |     882 |     289 |  24.7 |      23 |       3 |  11.5
        D:7 |    1007 |    1356 |  57.4 |       3 |       5 |  62.5
     Bailey |       0 |     132 | 100.0 |       0 |      18 | 100.0
            +---------+---------+-------+---------+---------+-------

Skill      XL: |  1  2  3  4  5  6  7  8  9 10 |
---------------+-------------------------------+-----
Poison Magic   | 1 |  1.6
Air Magic      | 1 |  1.5
Conjurations   | 2 3 4 5 6 8 10 11 | 11.7
Spellcasting   | 3 4 |  4.5
Hexes          | 1 4 6 9 10 | 10.4
Fighting       | |  3.4
Dodging        | |  1.4
Necromancy     | |  3.2
Evocations     | |  1.2

Action                     |  1- 3 |  4- 6 |  7- 9 | 10-12 || total
---------------------------+-------+-------+-------+-------++-------
  Melee: Dagger            |    46 |    22 |     5 |       ||    73
         Spear             |       |       |       |    15 ||    15
         Punch             |       |       |       |     1 ||     1
   Cast: Necrotise         |    29 |    25 |     1 |       ||    55
         Searing Ray       |     3 |    13 |    26 |    10 ||    52
         Magic Dart        |       |     4 |    40 |    19 ||    63
         Fulminant Prism   |       |       |    14 |     7 ||    21
  Evoke: Wand              |       |       |       |     4 ||     4
    Use: Scroll            |       |       |     5 |     1 ||     6
         Potion            |       |       |       |     3 ||     3
 Armour: Robe              |    46 |    30 |    29 |    27 ||   132
  Dodge: Dodged            |    52 |    31 |    34 |    34 ||   151

Illustrated notes

Table legend:
 A = Kills in this place as a percentage of kills in the entire game.
 B = Kills by you in this place as a percentage of kills by you in the entire game.
 C = Kills by friends in this place as a percentage of kills by friends in the entire game.
 D = Other kills in this place as a percentage of other kills in the entire game.
 E = Experience gained in this place as a percentage of experience gained in the entire game.
 F = Experience gained in this place divided by the number of levels of this place that you have seen.
                   A       B       C       D       E      F
               +-------+-------+-------+-------+-------+----------------------
         Total | 100.0 | 100.0 | 100.0 |   N/A | 100.0 | 533.8
       Dungeon |  85.9 |  85.4 | 100.0 |   N/A |  97.3 | 667.4
        Bailey |  14.1 |  14.6 |   0.0 |   N/A |   2.7 | 132.0
               +-------+-------+-------+-------+-------+----------------------

Table legend: (Time is in decaauts)
 A = Elapsed time spent in this place.
 B = Non-inter-level travel time spent in this place.
 C = Inter-level travel time spent in this place.
 D = Time resting spent in this place.
 E = Time spent auto-exploring this place.
 F = Levels seen in this place.
 G = Mean time per level.
                   A        B        C        D        E       F      G
               +--------+--------+--------+--------+--------+-----+--------+
         Total |   2754 |   2430 |    324 |      0 |    277 |   9 |  306.0 |
       Dungeon |   2502 |   2224 |    278 |      0 |    247 |   7 |  357.4 |
        Temple |     47 |      1 |     46 |      0 |      0 |   1 |   47.0 |
        Bailey |    204 |    204 |      0 |      0 |     30 |   1 |  204.0 |
               +--------+--------+--------+--------+--------+-----+--------+

Top non-repeatable levels by time:
     D:6: 500 daAuts
     D:4: 478 daAuts
     D:7: 453 daAuts
     D:5: 377 daAuts
     D:1: 368 daAuts
  Bailey: 204 daAuts
     D:3: 199 daAuts
     D:2: 124 daAuts
  Temple: 47 daAuts
